 Dungeon Crawl Stone Soup version 0.31.0-32-g396128a36d (webtiles) character file.

Game seed: 14198336656274301104

2 601d51SH the Shield-Bearer (level 1, 0/23 HPs)
             Began as a Gnoll Fighter on Mar 31, 2024.
             Slain by a quokka (2 damage)
             ... on level 1 of the Dungeon.
             The game lasted 00:00:08 (30 turns).

601d51SH the Shield-Bearer (Gnoll Fighter)            Turns: 30, Time: 00:00:08

Health: 0/23       AC:  7    Str: 15    XL:     1   Next: 40%
Magic:  1/1        EV:  9    Int:  7    God:
Gold:   0          SH:  5    Dex: 11    Spells: 0/0 levels left

rFire   . . .        a - +0 flail
rCold   . . .        c - +0 buckler
rNeg    . . .        b - +0 scale mail
rPois   .            (no helmet)
rElec   .            (no cloak)
rCorr   .            (no gloves)
SInv    .            (no boots)
Will    .....        (no amulet) Stlth
                     (no ring)
HPRegen 0.23/turn    (no ring)
MPRegen 0.07/turn

%: no passive effects
@: no status effects
A: fangs 1, strong nose, distributed training
a: no special abilities


You were on level 1 of the Dungeon.
You visited 1 branch of the dungeon, and saw 1 of its levels.

Inventory:

Hand Weapons
 a - a +0 flail (weapon)
Armour
 b - a +0 scale mail (worn)
 c - a +0 buckler (worn)
Potions
 d - a potion of might


   Skills:
 + Level 6.4 Fighting
 + Level 0.0 Short Blades
 + Level 0.0 Long Blades
 + Level 0.0 Axes
 + Level 4.4 Maces & Flails
 + Level 0.0 Polearms
 + Level 0.0 Staves
 + Level 0.0 Ranged Weapons
 + Level 0.0 Throwing
 + Level 6.4 Armour
 + Level 0.0 Dodging
 + Level 0.0 Stealth
 + Level 6.4 Shields
 + Level 0.0 Unarmed Combat
 + Level 0.0 Spellcasting
 + Level 0.0 Conjurations
 + Level 0.0 Hexes
 + Level 0.0 Summonings
 + Level 0.0 Necromancy
 + Level 0.0 Translocations
 + Level 0.0 Fire Magic
 + Level 0.0 Ice Magic
 + Level 0.0 Air Magic
 + Level 0.0 Earth Magic
 + Level 0.0 Alchemy
 + Level 0.1 Invocations
 + Level 0.0 Evocations
 + Level 0.0 Shapeshifting


You couldn't memorise any spells.
You didn't know any spells.
Your spell library was empty.

Dungeon Overview and Level Annotations

Branches:
Dungeon (1/15)

Altars:


Innate Abilities, Weirdness & Mutations

You have very sharp teeth.
Your uncanny sense of smell can sniff out nearby items.
Your experience applies equally to all skills.


Message History

The goblin completely misses you. The quokka bites you.
You miss the quokka. You bite the quokka, but do no damage.
The quokka bites you. x2; You block the quokka's attack.
You hit the quokka.
The quokka is heavily wounded.
The quokka bites you. You block the goblin's attack. x2
The quokka bites you but does no damage.
The quokka bites you.
You are too injured to fight recklessly!
You are too injured to fight recklessly!
The quokka bites you.
* * * LOW HITPOINT WARNING * * *
The quokka bites you.
* * * LOW HITPOINT WARNING * * *
The goblin attacks as it pursues you! The goblin barely misses you.
The quokka attacks as it pursues you! You block the quokka's attack.
You closely miss the quokka.
The quokka is heavily wounded.
The quokka bites you but does no damage.
You block the goblin's attack.
The quokka bites you but does no damage.
You hit the quokka. You bite the quokka.
The quokka is almost dead.
The goblin hits you but does no damage.
The quokka twitches its whiskers.
The quokka bites you but does no damage.
The goblin hits you with a +0 dagger.
* * * LOW HITPOINT WARNING * * *
Unknown command.
You hit the quokka.
You kill the quokka!
The goblin hits you but does no damage.
You hit the quokka.
The quokka is moderately wounded.
You block the quokka's attack. The goblin hits you but does no damage.
You barely miss the quokka. You bite the quokka, but do no damage.
The quokka is moderately wounded.
The quokka bites you but does no damage.
The goblin hits you but does no damage. The quokka bites you.
You die...

##### ♣~.<#
#P♣..# #P♣.~# #
♣..♣# .. ###♣..♣
...∆ ###.'..≈♣
....####@..#♣.♣P#
.....>.gr###♣.P≈#
........g####+###
................
.###....†.######
.............
.###....[#####
#.....# ##.####


You could see a quokka and 2 goblins.

Vanquished Creatures
  A quokka (D:1)
  A ball python (D:1)
  A bat (D:1)
3 creatures vanquished.

Notes
Turn   | Place    | Note
-------+----------+-------------------------------------------
     0 | D:1      | 601d51SH the Gnoll Fighter began the quest for the Orb.
     0 | D:1      | Reached XP level 1. HP: 23/23 MP: 1/1
    27 | D:1      | HP: 1/23 [goblin/+0 dagger (3)]
    30 | D:1      | Slain by a quokka

Illustrated notes

Levels and vault maps discovered:
D:1:      tarquinn_simple_flora_water_f, layout_basic, nrook_campfire,
          minmay_misc_feat_five

Action                     || total
---------------------------++-------
  Melee: Flail             ||    12
         Bite              ||     3
 Armour: Scale mail        ||    23
  Dodge: Dodged            ||     8
  Block: Buckler           ||     8
